 Dungeon Crawl Stone Soup version 0.31-a0-823-ga682863bf0 (webtiles) character file.

Game seed: 16899314693895788524

75 qw the Shooter (level 4, 0/28 HPs)
             Began as a Gargoyle Hunter on Sept 23, 2023.
             Slain by a hobgoblin (2 damage)
             ... led by Robin
             ... on level 2 of the Dungeon.
             The game lasted 00:00:28 (1016 turns).

qw the Shooter (Gargoyle Hunter)                    Turns: 1016, Time: 00:00:28

Health: 0/28       AC:  7    Str: 14    XL:     4   Next: 31%
Magic:  4/4        EV: 12    Int: 10    God:
Gold:   53         SH:  0    Dex: 21    Spells: 3/3 levels left

rFire   . . .        Y - +0 shortbow
rCold   . . .        (shield currently unavailable)
rNeg    + . .        c - +0 leather armour
rPois   inf          h - +0 helmet
rElec   +            (no cloak)
rCorr   .            (no gloves)
SInv    .            (no boots)
Will    .....        (no amulet)
Stlth   ++           f - +6 ring of dexterity
HPRegen 0.24/turn    (no ring)
MPRegen 0.09/turn

%: no passive effects
@: no status effects
A: sickness immunity, AC +3, negative energy resistance 1, electricity
resistance, torment resistance 1, petrification resistance
a: no special abilities


You were on level 2 of the Dungeon.
You visited 1 branch of the dungeon, and saw 2 of its levels.

You collected 53 gold pieces.


Innate Abilities, Weirdness & Mutations

You are immune to sickness and miasma.
Your stone body is resilient. (AC +3)
You are immune to poison.
You resist negative energy. (rN+)
You are resistant to electric shocks. (rElec)
You are resistant to unholy torment.
You are immune to petrification.


   Skills:
 - Level 3.1 Fighting
 + Level 5.2 Ranged Weapons
 - Level 1.5 Dodging
 - Level 1.1 Stealth


You had 3 spell levels left.
You didn't know any spells.
Your spell library was empty.

Inventory:

Hand Weapons
 Y - a +0 shortbow (weapon)
Armour
 c - a +0 leather armour (worn)
 h - a +0 helmet (worn)
Jewellery
 a - a ring of protection from fire
 f - a +6 ring of dexterity (left hand)
Scrolls
 g - a scroll of identify {unknown}
 i - a scroll of vulnerability {unknown}
 j - a scroll of immolation {unknown}
Potions
 b - a potion of degeneration {unknown}
 d - a potion of brilliance {unknown}
 e - a potion of curing

Dungeon Overview and Level Annotations

Branches:
Dungeon (2/15)

Altars:

Annotations:
D:2 Jessica


Message History

The arrow hits Robin!
Robin is heavily wounded.
The hobgoblin barely misses you. Robin hits you but does no damage.
You shoot an arrow. The arrow hits Robin.
Robin is almost dead.
Robin hits you with a +0 club.
You shoot an arrow. The arrow closely misses Robin.
The hobgoblin barely misses you. The hobgoblin misses you.
Robin roars a battlecry!
The goblins go into a battle-frenzy!
You hear a shout!
You shoot an arrow. The arrow hits Robin.
You kill Robin!
The goblin barely misses you. The hobgoblin hits you.
The hobgoblin hits you but does no damage.
You shoot an arrow. The arrow hits the hobgoblin!
You kill the hobgoblin!
The goblin hits you but does no damage. x2; The hobgoblin hits you.
Jessica the Apprentice Sorceress comes into view.
She is wielding a +0 dagger.
The hobgoblin hits you but does no damage.
The goblin misses you. The goblin hits you but does no damage.
The goblin closely misses you.
You shoot an arrow. The arrow hits the goblin!
You kill the goblin!
Jessica casts a spell.
Jessica seems to speed up.
The goblin misses you. The goblin hits you with a +0 club.
The hobgoblin hits you. x2
You shoot an arrow. The arrow barely misses the goblin.
The goblin barely misses you. The goblin hits you with a +0 club.
The hobgoblin closely misses you. The hobgoblin hits you.
You shoot an arrow. The arrow closely misses the goblin.
The hobgoblin barely misses you. The goblin hits you with a +0 club.
The goblin hits you but does no damage.
The hobgoblin hits you but does no damage.
You shoot an arrow. The arrow barely misses Jessica.
Jessica mumbles some strange words.
Jessica blinks!
The goblin barely misses you.
The hobgoblin hits you but does no damage.
The hobgoblin hits you.
You die...

...... ..... # . #..#..
#...#.##
.##....###...#... ...>..
.:....... .##..#####...#
#
.............#######.##
......................#.
.....#####..@...g¤...%).
...............)@g.)....
..##############gg......
..# #####.##. ..# # ..#
..# ..# #.# #.#


You could see Jessica (fast), 2 hobgoblins and 2 goblins.

Vanquished Creatures
  Robin (D:2)
  An adder (D:2)
  A dart slug (D:1)
  A worm (D:2)
  3 endoplasms (D:1)
  5 giant cockroaches
  8 goblins
  5 hobgoblins
  5 kobolds
  5 ball pythons (D:1)
  5 bats
  2 frilled lizards
  3 rats (D:1)
45 creatures vanquished.

Notes
Turn   | Place    | Note
-------+----------+-------------------------------------------
     0 | D:1      | qw the Gargoyle Hunter began the quest for the Orb.
     0 | D:1      | Reached XP level 1. HP: 12/12 MP: 1/1
     0 | D:1      | 0 ||| qw: Version: 0.3-a-83-gcd0e7d8
     0 | D:1      | 0 ||| qw: Game counter: 1767
     0 | D:1      | 0 ||| qw: Melee chars always use a shield: true
     0 | D:1      | 0 ||| qw: God list: Okawaru
     0 | D:1      | 0 ||| qw: Allow faded altars: false
     0 | D:1      | 0 ||| qw: Do Orc after clearing Dungeon:15 true
     0 | D:1      | 0 ||| qw: Do second Lair branch before Depths: true
     0 | D:1      | 0 ||| qw: Lair rune preference: random
     0 | D:1      | 0 ||| qw: Goals: Normal
     0 | D:1      | 0 ||| PLANNING D:1-11
    15 | D:1      | 15 ||| Stepping ~*~*~tactically~*~*~ (water).
    61 | D:1      | Reached XP level 2. HP: 17/17 MP: 2/2
   360 | D:1      | Reached XP level 3. HP: 21/21 MP: 3/3
   389 | D:1      | Reached skill level 5 in Ranged Weapons
   491 | D:1      | 491 ||| DROPPING +0 sling of flaming.
   684 | D:1      | 684 ||| UPGRADING to +0 helmet.
   689 | D:1      | 689 ||| DROPPING +1 hat.
   690 | D:1      | 690 ||| UPGRADING to +6 ring of dexterity.
   691 | D:1      | 691 ||| READING scroll labelled WAJUAH KICZAIFRA.
   692 | D:1      | 692 ||| READING scroll labelled VEDWIO LITI.
   693 | D:1      | 693 ||| DRINKING 2 amethyst potions.
   694 | D:1      | 694 ||| DROPPING scroll of butterflies.
   945 | D:2      | Reached skill level 3 in Fighting
  1002 | D:2      | Reached XP level 4. HP: 28/28 MP: 4/4
  1002 | D:2      | Noticed Robin
  1011 | D:2      | Killed Robin
  1012 | D:2      | Noticed Jessica
  1014 | D:2      | HP: 6/28 [goblin/+0 club[Robin] (6)]
  1015 | D:2      | HP: 2/28 [goblin/+0 club[Robin] (2)]
  1016 | D:2      | Slain by a hobgoblin

Levels and vault maps discovered:
D:1:      sevenhm_arrival_forest_fort_small_4, layout_basic
D:2:      layout_basic, minmay_stone_trees_medium, minmay_ruptured,
          uniq_jessica, uniq_robin

Skill      XL: |  1  2  3 |
---------------+----------+-----
Ranged Weapons | 5 |  5.2
Fighting       | 3 |  3.1
Dodging        | |  1.5
Stealth        | |  1.1

Action                     |  1- 3 |  4- 6 || total
---------------------------+-------+-------++-------
   Fire: Shortbow          |    95 |    15 ||   110
    Use: Scroll            |     2 |       ||     2
         Potion            |     1 |       ||     1
 Armour: Leather armour    |    21 |    20 ||    41
  Dodge: Dodged            |    17 |    11 ||    28

Table legend:
 A = Non-vault XP
 B = Vault XP
 C = Vault XP percentage of total XP
 D = Non-vault monster count
 E = Vault monster count
 F = Vault count percentage of total count
                 A         B        C        D         E       F
            +---------+---------+-------+---------+---------+-------
      Total |      75 |      33 |  30.6 |      35 |      10 |  22.2
            +---------+---------+-------+---------+---------+-------
        D:1 |      49 |       0 |   0.0 |      28 |       0 |   0.0
        D:2 |      26 |      33 |  55.9 |       7 |      10 |  58.8
            +---------+---------+-------+---------+---------+-------
